Map: Sanctuary III LE

Players

Elazer - Winner!

  • Race: Zerg Zerg
  • League: Master
  • Spawn Location: 7:00

ShoWTimE

  • Race: Protoss Protoss
  • Spawn Location: 1:00

Event: HomeStory Cup XXIX

VOD

Have the link to the VOD?

Description

Time

  • Played on: July 3, 2026, 1:54 p.m.
  • Length: 7:39

All games in this series

Show
View Real Time Build Order
Export as new Build Order

Elazer Zerg - Winner!

Build Orders: Hatch First 

Get SALT Encoding   

  8  0:00  Drone  
  9  0:10  Drone  
  10  0:16  Drone  
  11  0:22  Drone  
  12  0:32  Overlord  
  12  0:39  Extractor, Drone  
  13  0:50  Drone  
  13  0:51  Drone  
  15  1:00  Drone  
  16  1:14  Hatchery  
  15  1:19  Drone  
  15  1:22  Drone  
  17  1:30  Drone  
  17  1:32  Extractor  
  17  1:40  Spawning Pool  
  17  1:45  Drone  
  17  1:50  Drone  
  18  2:00  Drone  
  19  2:09  Drone  
  20  2:20  Overlord  
  20  2:26  Queen  
  20  2:27  Queen  
  24  2:31  Metabolic Boost  
  24  2:38  Drone  
  24  2:39  Drone  
  24  2:42  Zergling x2  
  27  2:45  Zergling x2  
  27  2:47  Drone  
  27  2:50  Drone  
  30  2:56  Drone  
  31  2:59  Overlord  
  31  3:12  Hatchery  
  30  3:14  Drone  
  30  3:18  Zergling x2  
  32  3:20  Zergling x4  
  35  3:27  Drone  
  35  3:30  Overlord  
  35  3:35  Zergling x2  
  35  3:38  Drone x4  
  38  3:52  Drone x4  
  40  3:58  Drone  
  40  4:02  Spore Crawler  
  40  4:03  Spore Crawler  
  40  4:06  Drone x2  
  40  4:08  Drone x2  
  40  4:09  Drone  
  44  4:11  Drone  
  44  4:12  Drone  
  45  4:17  Drone x2  
  45  4:18  Drone  
  45  4:23  Drone  
  48  4:24  Drone  
  48  4:29  Queen  
  51  4:40  Overlord  
  51  4:41  Drone  
  51  4:42  Overlord  
  51  4:43  Lair  
  51  4:45  Overlord  
  51  4:50  Spore Crawler  
  50  4:54  Overlord  
  50  4:57  Extractor x2  
  50  4:59  Drone x3  
  51  5:02  Drone x5  
  51  5:05  Drone  
  57  5:09  Overlord  
  57  5:15  Zergling x14  
  57  5:20  Overlord  
  64  5:24  Zergling x2  
  64  5:26  Overlord  
  65  5:31  Overlord  
  65  5:38  Zergling x6  
  68  5:43  Zergling x14  
  68  5:48  Hydralisk Den, Zergling x10  
  77  6:00  Overlord  
  77  6:10  Baneling Nest  
  74  6:19  Hydralisk x8  
  74  6:25  Zergling x18  
  92  6:32  Grooved Spines  
  90  6:40  Zergling x6  
  91  6:47  Zergling x6  
  94  6:58  Zergling x6  
  95  7:06  Zergling x18  
  100  7:14  Zergling x6  
  96  7:27  Hatchery  
Show
View Real Time Build Order
Export as new Build Order

ShoWTimE Protoss 

Build Orders: Oracle Opening 

Get SALT Encoding   

  8  0:00  Probe (Chrono Boost)  
  9  0:12  Probe (Chrono Boost)  
  10  0:18  Probe (Chrono Boost)  
  11  0:26  Probe  
  12  0:34  Pylon  
  12  0:38  Probe  
  13  0:52  Probe  
  13  0:56  Gateway  
  14  1:04  Probe (Chrono Boost)  
  14  1:08  Assimilator  
  15  1:16  Probe (Chrono Boost)  
  16  1:21  Probe (Chrono Boost)  
  17  1:30  Probe  
  18  1:42  Probe  
  19  1:51  Nexus  
  19  2:01  Cybernetics Core  
  19  2:04  Probe  
  20  2:11  Pylon  
  20  2:16  Probe  
  20  2:20  Assimilator  
  21  2:29  Probe  
  22  2:34  Adept (Chrono Boost)  
  22  2:41  Probe  
  25  2:52  Stargate  
  25  2:53  Probe  
  25  2:57  Adept (Chrono Boost)  
  26  3:03  Probe  
  26  3:05  Warp Gate, Probe  
  30  3:15  Probe  
  30  3:17  Probe  
  32  3:23  Stalker  
  34  3:27  Probe  
  34  3:29  Probe  
  36  3:34  Pylon  
  36  3:39  Probe  
  37  3:41  Oracle (Chrono Boost)  
  37  3:42  Probe  
  41  3:52  Probe  
  41  3:54  Probe  
  38  4:04  Probe  
  38  4:06  Probe  
  40  4:10  Oracle (Chrono Boost)  
  40  4:16  Probe  
  44  4:18  Probe  
  44  4:23  Nexus  
  45  4:26  Pylon  
  45  4:28  Probe  
  45  4:30  Probe  
  47  4:37  Twilight Council  
  47  4:40  Probe  
  47  4:42  Assimilator  
  47  4:43  Shield Battery  
  47  4:44  Probe  
  49  4:51  Gateway  
  49  4:52  Probe  
  50  4:56  Probe  
  50  4:58  Pylon  
  51  5:01  Assimilator  
  51  5:04  Stalker, Probe  
  54  5:08  Blink (Chrono Boost), Probe  
  55  5:14  Forge  
  55  5:16  Probe  
  55  5:21  Probe  
  57  5:22  Stalker  
  59  5:31  Probe (Chrono Boost), Gateway  
  59  5:35  Probe (Chrono Boost)  
  62  5:36  Shield Battery  
  62  5:37  Probe (Chrono Boost)  
  62  5:40  Stalker  
  65  5:45  Probe x2 (Chrono Boost)  
  65  5:47  Probe (Chrono Boost)  
  65  5:48  Stalker  
  69  5:50  Probe (Chrono Boost)  
  69  5:53  Probe  
  70  5:57  Probe  
  70  6:01  Probe  
  70  6:02  Stalker  
  74  6:05  Probe  
  74  6:06  Pylon  
  74  6:09  Probe  
  74  6:10  Pylon  
  76  6:14  Probe  
  76  6:15  Stalker  
  79  6:20  Probe  
  79  6:23  Probe  
  79  6:24  Stalker  
  75  6:26  Stalker  
  75  6:29  Probe  
  69  6:34  Shield Battery  
  69  6:35  Shield Battery  
  69  6:36  Shield Battery, Probe  
  69  6:39  Stalker  
  72  6:42  Probe  
  72  6:43  Probe  
  72  6:44  Stalker  
  76  6:47  Stalker  
  76  6:51  Pylon, Probe  
  79  6:56  Stalker  
  79  7:01  Stalker  
  78  7:04  Probe x2  
  78  7:05  Stalker  
  79  7:12  Stalker  
  79  7:17  Stalker  
  79  7:22  Stalker  
Tags
 
Add a new tag
Caveats
  • Supply blocks, unpowered buildings, or Contaminate may cause inaccurate times.
  • Supply counts are checked every 10 seconds.